 Dungeon Sprint DCSS version 0.20.1-1-g8b1a95d (webtiles) character file.

32800000 Cral the Conqueror (level 27, -2/245 (249) HPs)
             Began as a Formicid Fighter on July 15, 2017.
             Was the Champion of Makhleb.
             Slain by a bag of meat
             ... wielding a +9 war axe
              (32 damage)
             ... in the Dungeon (Sprint VIII: "Arena of Blood").
             The game lasted 00:03:31 (328 turns).

Cral the Conqueror (Formicid Fighter)                Turns: 328, Time: 00:03:32

HP:   -2/245 (249)  AC: 13    Str: 22    XL:     27
MP:   54/54         EV: 31    Int: 11    God:    Makhleb [******]
Gold: 0             SH:  0    Dex: 19    Spells: 80/80 levels left

rFire    + . .     SeeInvis +   l - +∞ Axe of Woe
rCold    . . .     Gourm    .   c - +0 shield
rNeg     . . .     Faith    .   b - +0 scale mail
rPois    .         Spirit   .   (helmet unavailable)
rElec    .         Reflect  .   (no cloak)
rCorr    .         Harm     .   (no gloves)
MR       ++...                  (no boots)
Stlth    ++........             (no amulet)
Regen    0.5/turn               m - ring of protection from fire
MPRegen  0.4/turn               (no ring)

@: confused, lethally poisoned (-2 -> -154), starving
A: permanent stasis, dig shafts and tunnels, four strong arms, antennae 3
a: Dig, Minor Destruction, Lesser Servant of Makhleb, Major Destruction, Greater
Servant of Makhleb, Renounce Religion


You were in the Dungeon.
You worshipped Makhleb.
Makhleb was exalted by your worship.
You were starving.

You visited 1 branch

Inventory:

Hand Weapons
 a - a +0 war axe
 l - the +∞ Axe of Woe (weapon)
   (You found it in the Dungeon)
Armour
 b - a +0 scale mail (worn)
 c - a +0 shield (worn)
Jewellery
 f - an uncursed ring of protection from fire
 m - a ring of protection from fire (left hand)
 n - a +30 ring of slaying
 o - a +100 ring of slaying
 p - a +30 ring of slaying
Scrolls
 k - a scroll of blinking
Potions
 d - a potion of might
 e - a potion of curing
 g - a potion of heal wounds
 h - a potion of haste
 i - 2 potions of magic
 j - a potion of berserk rage


   Skills:
 O Level 27 Fighting
 O Level 27 Axes
 O Level 27 Throwing
 O Level 27 Armour
 O Level 27 Dodging
 O Level 27 Stealth
 O Level 27 Shields
 O Level 27 Unarmed Combat
 O Level 27 Spellcasting
 O Level 27 Invocations


You had 80 spell levels left.
You didn't know any spells.

Dungeon Overview and Level Annotations

Branches:
Dungeon (1/1)

Altars:
Makhleb


Innate Abilities, Weirdness & Mutations

You cannot be hasted, slowed, berserked, paralysed or teleported.
You can dig through walls and to a lower floor.
Your four strong arms can wield two-handed weapons with a shield.
You have a pair of large antennae on your head. (SInv)


Message History

A hydra and 2 molten gargoyles come into view.
You feel extremely sick.
The eight-headed meat hydra roars!
Some rock shatters into small pieces.
You hear a shout! x2
The vile throws damnation at you.
The sphere of damnation explodes!
The damnation engulfs you!
The damnation engulfs the bag of meat.
The damnation engulfs the scourge.
The observer gazes at you. Something smites you!
* * * LOW HITPOINT WARNING * * *
The eight-headed meat hydra calls on the powers of darkness!
The eight-headed meat hydra convulses!
The observer convulses!
The bag of meat convulses!
The observer convulses!
The eight-headed meat hydra convulses!
The scourge convulses!
The eight-headed meat hydra convulses!
Your body is wracked with pain!
* * * LOW HITPOINT WARNING * * *
The scourge convulses!
The destroyer blinks!
The bag of meat hits you with a +9 war axe!!
You die...

# #......# # {{ 9
{......# # D##.....# ##.
G......# ... o###..G..#
. Do....S..# D....V..)##
. .99z...@..#########
...
#....9So9S.)......######
...
.....9..2)).............
...
.#..#.o§.###############
##. ......§..# {
...D.....# ......§..#
.9......# .{ ...##..


You could see a reaper, 4 eight-headed meat hydras, a destroyer, 2 observers, 3
scourges, a sculptor of flesh, 7 viles and 4 bags of meat.

Vanquished Creatures
  4 molten gargoyles (D)
  A hell beast (D)
  Edmund (D)
  2 greater mummies (D)
  7 vampire knights (D)
  20 ogres (D)
  4 two-headed ogres (D)
  58 orcs (D)
  A phantom (D)
  2 skeletal warriors (D)
  A sea snake (D)
  A small abomination (D)
  A large abomination (D)
  A crawling corpse (D)
104 creatures vanquished.

Vanquished Creatures (others)
  3 crawling corpses (D)
3 creatures vanquished.

Grand Total: 107 creatures vanquished

Notes
Turn   | Place    | Note
-------+----------+-------------------------------------------
     0 | D        | Cral the Formicid Fighter began the quest for the Orb.
     0 | D        | Reached XP level 1. HP: 18/18 MP: 1/1
     3 | D        | Noticed a bag of meat
     3 | D        | Noticed a bag of meat
     4 | D        | Noticed a bag of meat
     4 | D        | Became a worshipper of Makhleb the Destroyer
     5 | D        | Noticed a bag of meat
     5 | D        | Noticed a meat berserker
     6 | D        | Noticed a bag of meat
     6 | D        | Noticed a meat berserker
     6 | D        | Killed a meat berserker
     6 | D        | Reached skill level 10 in Axes
     6 | D        | Reached XP level 2. HP: 51/51 MP: 2/2
     6 | D        | Reached XP level 3. HP: 58/58 MP: 3/3
     6 | D        | Reached XP level 4. HP: 65/65 MP: 4/4
     6 | D        | Reached XP level 5. HP: 72/72 MP: 5/5
     6 | D        | Reached XP level 6. HP: 79/79 MP: 6/6
     6 | D        | Reached XP level 7. HP: 85/85 MP: 7/7
     6 | D        | Reached XP level 8. HP: 93/93 MP: 8/8
     6 | D        | Reached XP level 9. HP: 99/99 MP: 9/9
     6 | D        | Reached XP level 10. HP: 107/107 MP: 10/10
     6 | D        | Reached XP level 11. HP: 113/113 MP: 11/11
     6 | D        | Reached XP level 12. HP: 120/120 MP: 12/12
     6 | D        | Reached XP level 13. HP: 127/127 MP: 13/13
     7 | D        | Noticed a meat berserker
     7 | D        | Killed a bag of meat
     7 | D        | Reached * piety under Makhleb
     7 | D        | Reached XP level 14. HP: 146/146 MP: 14/14
     7 | D        | Noticed a bag of meat
     8 | D        | Killed a meat berserker
     8 | D        | Reached skill level 27 in Fighting
     8 | D        | Reached XP level 15. HP: 61/159 MP: 15/15
     8 | D        | Reached XP level 16. HP: 113/167 MP: 16/16
     8 | D        | Reached ** piety under Makhleb
     8 | D        | Killed a meat berserker
     8 | D        | Reached skill level 27 in Axes
     8 | D        | Reached XP level 17. HP: 118/174 MP: 17/17
    11 | D        | Noticed a meat berserker
    11 | D        | Reached *** piety under Makhleb
    11 | D        | Reached XP level 18. HP: 182/182 MP: 18/18
    12 | D        | Noticed a large bag of meat
    13 | D        | Noticed a meat berserker
    15 | D        | Noticed a meat berserker
    15 | D        | Noticed a meat berserker
    15 | D        | Noticed a meat berserker
    15 | D        | Killed a meat berserker
    15 | D        | Reached skill level 27 in Dodging
    15 | D        | Reached skill level 15 in Stealth
    17 | D        | Killed a meat berserker
    17 | D        | Reached **** piety under Makhleb
    17 | D        | Reached XP level 19. HP: 189/189 MP: 19/19
    17 | D        | Reached skill level 27 in Stealth
    17 | D        | Reached XP level 20. HP: 197/197 MP: 19/34
    18 | D        | Reached ***** piety under Makhleb
    18 | D        | Reached skill level 27 in Invocations
    19 | D        | Noticed a meat berserker
    19 | D        | Noticed a meat berserker
    19 | D        | Killed a meat berserker
    19 | D        | Reached XP level 21. HP: 204/204 MP: 19/38
    19 | D        | Killed a meat berserker
    19 | D        | Reached skill level 27 in Armour
    19 | D        | Reached skill level 27 in Shields
    20 | D        | Killed a meat berserker
    20 | D        | Reached XP level 22. HP: 212/212 MP: 19/40
    21 | D        | Noticed a meat berserker
    23 | D        | Killed a meat berserker
    25 | D        | Killed a meat berserker
    25 | D        | Reached ****** piety under Makhleb
    25 | D        | Reached XP level 23. HP: 219/219 MP: 20/49
    26 | D        | Noticed a large bag of meat
    26 | D        | Noticed a large bag of meat
    27 | D        | Noticed a destroyer
    28 | D        | Noticed a destroyer
    30 | D        | Noticed a destroyer
    31 | D        | Noticed a destroyer
    31 | D        | Reached skill level 27 in Throwing
    31 | D        | Reached skill level 27 in Unarmed Combat
    31 | D        | Reached skill level 27 in Spellcasting
    31 | D        | Reached XP level 24. HP: 223/227 MP: 22/54
    31 | D        | Killed a destroyer
    31 | D        | Reached XP level 25. HP: 234/234 MP: 22/54
    32 | D        | Noticed a destroyer
    33 | D        | Killed a destroyer
    33 | D        | Reached XP level 26. HP: 242/242 MP: 23/54
    33 | D        | Killed a large bag of meat
    34 | D        | Noticed a destroyer
    35 | D        | Noticed a destroyer
    35 | D        | Reached XP level 27. HP: 249/249 MP: 23/54
    35 | D        | Killed a destroyer
    35 | D        | Killed a large bag of meat
    38 | D        | Killed a large bag of meat
    38 | D        | Killed a destroyer
    40 | D        | Noticed a destroyer
    41 | D        | Noticed a destroyer
    44 | D        | Noticed an accursed
    44 | D        | Killed a destroyer
    46 | D        | Killed a destroyer
    49 | D        | Noticed a large bag of meat
    49 | D        | Killed a destroyer
    53 | D        | Killed an accursed
    57 | D        | Noticed a tyrant
    57 | D        | Noticed a tyrant
    79 | D        | Killed a large bag of meat
   113 | D        | Noticed The Defiler
   113 | D        | Noticed a dread
   134 | D        | Noticed a destroyer
   136 | D        | Noticed an accursed
   136 | D        | Noticed a fleshlord
   137 | D        | Killed The Defiler
   139 | D        | Noticed a destroyer
   308 | D        | Noticed a vile
   309 | D        | Noticed an accursed
   309 | D        | Noticed a vile
   315 | D        | Noticed a vile
   315 | D        | Killed a vile
   317 | D        | Noticed a vile
   317 | D        | Noticed a vile
   319 | D        | Killed a vile
   321 | D        | Noticed a vile
   322 | D        | Killed a vile
   322 | D        | Killed an accursed
   323 | D        | Noticed a meat beast
   324 | D        | Killed a vile
   325 | D        | Noticed a vile
   325 | D        | Noticed a vile
   326 | D        | Noticed a vile
   326 | D        | Killed a meat beast
   328 | D        | Noticed a vile
   328 | D        | Noticed a vile
   328 | D        | Noticed a vile
   328 | D        | Noticed a vile
   328 | D        | Slain by a bag of meat

Skill      XL: |  1  2  3  4  5  6  7  8  9 10 11 12 13 14 15 16 17 18 19 20 21 22 23 |
---------------+----------------------------------------------------------------------+-----
Fighting       | 19 24 27 | 27.0
Axes           | 10 18 22 27 | 27.0
Armour         | 19 24 27 | 27.0
Shields        | 21 26 27 | 27.0
Dodging        | 14 21 27 | 27.0
Stealth        | 26 27 | 27.0
Invocations    | 21 27 | 27.0
Throwing       | 14 22 27 | 27.0
Unarmed Combat | 14 22 27 | 27.0
Spellcasting   | 14 22 27 | 27.0

Action                   |  1- 3 |  4- 6 |  7- 9 | 10-12 | 13-15 | 16-18 | 19-21 | 22-24 | 25-27 || total
-------------------------+-------+-------+-------+-------+-------+-------+-------+-------+-------++-------
Melee: Executioner's axe |     1 |       |       |       |     2 |     5 |     3 |     5 |    37 ||    53
 Abil: Dig               |       |       |       |       |       |       |       |       |     8 ||     8
  Eat: Bread ration      |       |       |       |       |       |       |       |       |     1 ||     1
Armor: Scale mail        |       |       |       |       |       |     1 |       |       |     4 ||     5
Dodge: Dodged            |       |       |       |       |       |       |       |     1 |    10 ||    11
Block: Shield            |     1 |       |       |       |       |       |       |     1 |     4 ||     6
